 Dungeon Crawl Stone Soup version 0.27-a0-520-gb83adbd1c9 (webtiles) character file.

Game seed: 2538767554369971955

137 Morbidden the Skirmisher (level 5, 0/41 HPs)
             Began as a Demonspawn Fighter on Mar 4, 2021.
             Succumbed to an orc wizard's poison
             ... on level 3 of the Dungeon on Mar 5, 2021.
             The game lasted 00:03:01 (3014 turns).

Morbidden the Skirmisher (Demonspawn Fighter)       Turns: 3014, Time: 00:03:02

Health: 0/41       AC:  9    Str: 16    XL:     5   Next: 0%
Magic:  5/6        EV:  7    Int: 10    God:
Gold:   115        SH:  9    Dex: 13    Spells: 5/5 levels left

rFire    + . .     SeeInvis .   a - +0 long sword
rCold    + . .     Faith    .   c - +0 kite shield
rNeg     . . .     Spirit   +   b - +0 scale mail
rPois    +         Reflect  .   o - +0 helmet
rElec    +         Harm     .   s - +0 cloak
rCorr    +         Rampage  .   (no gloves)
Will     .....                  (no boots)
Stlth    ..........             n - amulet of guardian spirit
HPRegen  0.13/turn              (no ring)
MPRegen  0.10/turn              (no ring)

@: brilliant, lethally poisoned (0 -> -8), resistant, very slightly
contaminated, invisible
A: talons 1, powered by death 2
a: no special abilities


You were on level 3 of the Dungeon.
You visited 1 branch of the dungeon, and saw 3 of its levels.

You collected 115 gold pieces.

Inventory:

Hand Weapons
 a - a +0 long sword (weapon)
Missiles
 e - 3 curare-tipped darts
 k - 4 boomerangs
 t - 6 poisoned darts (quivered)
Armour
 b - a +0 scale mail (worn)
 c - a +0 kite shield (worn)
 o - a +0 helmet (worn)
 s - a +0 cloak (worn)
Jewellery
 n - an amulet of guardian spirit (around neck)
 v - a ring of flight
Wands
 q - a wand of iceblast (11)
Scrolls
 f - a scroll of enchant weapon {unknown}
 g - 6 scrolls of identify {unknown}
 i - 2 scrolls of enchant armour {unknown}
 j - 2 scrolls of fog {unknown}
 m - 2 scrolls of teleportation {unknown}
 u - a scroll of amnesia {unknown}
Potions
 d - 2 potions of might
 h - a potion of magic


   Skills:
 * Level 3.6 Fighting
 * Level 2.9 Long Blades
 + Level 3.3 Armour
 * Level 1.2 Dodging
 + Level 3.1 Shields
 * Level 0.7 Spellcasting


You had 5 spell levels left.
You didn't know any spells.
Your spell library was empty.

Dungeon Overview and Level Annotations

Branches:
Dungeon (3/15)

Altars:
Zin

Shops:
D:2 *


Innate Abilities, Weirdness & Mutations

You have sharp toenails.
You regenerate health from kills.


Message History

Unknown command.
Unknown command.
* * * LOW HITPOINT WARNING * * *
You feel sick.
* * * LOW HITPOINT WARNING * * *
You feel sick.
Unknown command.
It was a potion of magic.
Magic courses through your body.
* * * LOW HITPOINT WARNING * * *
You feel sick.
The worm looks more healthy.
You block something's attack.
Unknown command.
It was a potion of brilliance.
You feel clever all of a sudden.
* * * LOW HITPOINT WARNING * * *
You feel sick. You block something's attack.
Unknown command.
It was a potion of resistance.
You feel protected.
* * * LOW HITPOINT WARNING * * *
You feel sick. Something hits you but does no damage.
Unknown command.
It was a potion of invisibility.
You fade into invisibility!
* * * LOW HITPOINT WARNING * * *
You feel sick. Something hits you but does no damage.
You are very lightly contaminated with residual magic.
Unknown command.
Throw: 8 darts (poison)
Press: ? - help, Q - select action, (/) - cycle Shift-Dir - straight line, f/p - worm
Aim: a worm (77% to hit)
You throw a poisoned dart. The poisoned dart hits the orc.
The orc is poisoned.
* * * LOW HITPOINT WARNING * * *
You feel sick. Something hits you.
Unknown command.
Unknown command.
Throw: 7 darts (poison)
Press: ? - help, Q - select action, (/) - cycle Shift-Dir - straight line, f/p - worm
Aim: a worm (77% to hit)
You throw a poisoned dart.
You die...

#.........# #....
#.........# #....
#######.........#
#.[..
.......(........#
#....
######wo.......#
#.... #o#########
##.... #o# #.####
#(# #.# #@# #.#
#.# #.#### #.#
#.....
#.###########.####
#.............#
###############


You could see a worm and 3 orcs.

Vanquished Creatures
  A howler monkey (D:3)
  2 adders
  An ooze (D:1)
  2 dart slugs (D:1)
  A leopard gecko (D:1)
  4 orcs
  5 bats
  2 giant cockroaches
  11 goblins
  5 hobgoblins
  9 jackals (D:1)
  8 kobolds
  A ball python (D:2)
  5 frilled lizards
  7 rats
64 creatures vanquished.

Vanquished Creatures (others)
  5 plants (D:1)
5 creatures vanquished.

Grand Total: 69 creatures vanquished

Notes
Turn   | Place    | Note
-------+----------+-------------------------------------------
     0 | D:1      | Morbidden the Demonspawn Fighter began the quest for the
                  | Orb.
     0 | D:1      | Reached XP level 1. HP: 18/18 MP: 1/1
   299 | D:1      | Gained mutation: You regenerate a little health from kills.
                  | [demonic ancestry]
   299 | D:1      | Reached XP level 2. HP: 23/24 MP: 2/2
   952 | D:1      | Gained mutation: You regenerate health from kills. [demonic
                  | ancestry]
   952 | D:1      | Reached XP level 3. HP: 22/29 MP: 3/3
  1958 | D:2      | Gained mutation: You have sharp toenails. [demonic
                  | ancestry]
  1958 | D:2      | Reached XP level 4. HP: 27/35 MP: 2/4
  2024 | D:2      | Reached skill level 1 in Dodging
  2048 | D:2      | Found Zin's Purification Station.
  3003 | D:3      | Reached XP level 5. HP: 16/41 MP: 4/6
  3012 | D:3      | HP: 2/41 [poisoned by an orc wizard]
  3014 | D:3      | Succumbed to an orc wizard's poison

Illustrated notes

Levels and vault maps discovered:
D:1:      dpeg_arrival_radiant, layout_loops_ring, serial_forest,
          infiniplex_forest_lined_2, infiniplex_forest_lined_2,
          infiniplex_forest_corner_1, infiniplex_forest_clump_medium,
          infiniplex_forest_zigzag_1, infiniplex_forest_straight_3,
          infiniplex_forest_clump_diagonal, infiniplex_forest_fountain,
          infiniplex_forest_lined_4_way, bh_walls_and_bars
D:2:      layout_basic, zin_purify, guppyfry_early_orc_mine
D:3:      layout_basic, gammafunk_ghost_arena

Skill      XL: |  1  2  3  4 |
---------------+-------------+-----
Long Blades    | 2 |  2.9
Armour         | 3 |  3.3
Shields        | 3 |  3.1
Dodging        | 1 |  1.2
Fighting       | |  3.6
Spellcasting   | |  0.7

Action                   |  1- 3 |  4- 6 || total
-------------------------+-------+-------++-------
Melee: Long sword        |   144 |    62 ||   206
       Kick              |       |    11 ||    11
Throw: Dart              |       |     3 ||     3
  Use: Potion            |       |     4 ||     4
Armor: Scale mail        |   125 |    59 ||   184
Dodge: Dodged            |    50 |    20 ||    70
Block: Kite shield       |   109 |    49 ||   158
       Rpst.: Long sword |    13 |     9 ||    22

Table legend: (Time is in decaauts)
 A = Elapsed time spent in this place.
 B = Non-inter-level travel time spent in this place.
 C = Inter-level travel time spent in this place.
 D = Time resting spent in this place.
 E = Time spent auto-exploring this place.
 F = Levels seen in this place.
 G = Mean time per level.
                   A        B        C        D        E       F      G
               +--------+--------+--------+--------+--------+-----+--------+
         Total |   3122 |   2975 |    147 |    213 |   2250 |   3 | 1040.7 |
       Dungeon |   3122 |   2975 |    147 |    213 |   2250 |   3 | 1040.7 |
               +--------+--------+--------+--------+--------+-----+--------+

Top non-repeatable levels by time:
     D:1: 1770 daAuts
     D:2: 1050 daAuts
     D:3: 302 daAuts
